Map: Eternal Empire LE

Players

CrKharloz

  • Race: Terran Terran
  • League: Master
  • Spawn Location: 7:00

llllllllllll - Winner!

  • Race: Protoss Protoss
  • League: Master
  • Spawn Location: 1:00

VOD

Have the link to the VOD?

Description

Time

  • Played on: Feb. 5, 2020, 2:38 p.m.
  • Length: 6:57
Show
View Real Time Build Order
Export as new Build Order

CrKharloz Terran 

Build Orders: Gas First Reaper Expand 

Get SALT Encoding   

  12  0:01  SCV  
  13  0:13  SCV  
  14  0:17  Supply Depot  
  14  0:25  SCV  
  15  0:29  Refinery  
  15  0:39  SCV  
  16  0:45  Barracks  
  16  0:51  SCV  
  17  1:03  SCV  
  18  1:15  SCV  
  19  1:32  Orbital Command, Reaper  
  20  1:46  Command Center  
  20  2:00  Factory  
  20  2:02  SCV  
  21  2:14  SCV  
  22  2:17  Marine  
  22  2:22  Bunker  
  23  2:30  Supply Depot  
  23  2:47  Factory Tech Lab  
  23  2:51  SCV, Marine  
  25  3:04  Orbital Command  
  25  3:09  Cyclone  
  25  3:10  Marine  
  29  3:20  SCV  
  29  3:35  SCV  
  29  3:36  Marine  
  30  3:41  Cyclone  
  33  3:55  SCV  
  33  3:57  SCV  
  33  4:01  Marine  
  35  4:05  Barracks  
  35  4:07  Barracks  
  35  4:11  SCV x2  
  37  4:25  SCV  
  37  4:28  SCV, Marine  
  40  4:40  SCV  
  40  4:44  Cyclone  
  43  4:46  Marine  
  44  4:58  Orbital Command  
  31  5:30  Marine  
  31  5:32  Marine  
  30  5:36  Marine  
  30  5:37  SCV  
  26  5:46  SCV  
  26  5:48  Marine  
  21  5:52  SCV  
  21  5:53  Marine  
  21  5:54  Marine  
  24  5:57  Factory Tech Lab  
  24  5:58  SCV  
  25  6:04  Bunker  
  25  6:05  SCV  
  25  6:06  Marine  
  26  6:11  Marine  
  26  6:16  Cyclone  
  29  6:19  SCV  
  30  6:27  SCV  
  30  6:31  SCV  
  30  6:32  Marine  
Show
View Real Time Build Order
Export as new Build Order

llllllllllll Protoss - Winner!

Build Orders:  

Get SALT Encoding   

  12  0:01  Probe  
  13  0:13  Probe  
  14  0:17  Pylon  
  14  0:25  Probe (Chrono Boost)  
  16  0:36  Probe (Chrono Boost)  
  16  0:38  Gateway  
  16  0:41  Probe  
  16  0:47  Assimilator  
  17  0:53  Probe  
  17  0:57  Assimilator  
  18  1:05  Probe  
  19  1:16  Pylon  
  19  1:17  Probe  
  20  1:25  Cybernetics Core  
  20  1:29  Probe  
  21  1:46  Assimilator  
  21  1:51  Probe  
  22  2:05  Robotics Facility  
  22  2:06  Robotics Facility  
  22  2:09  Stalker (Chrono Boost)  
  23  2:22  Warp Gate  
  23  2:32  Stalker  
  25  2:45  Pylon  
  25  2:55  Immortal (Chrono Boost)  
  29  3:02  Warp Prism (Chrono Boost)  
  31  3:25  Immortal  
  35  3:44  Immortal  
  37  3:56  Pylon  
  37  4:15  Immortal  
  41  4:32  Immortal  
  45  5:01  Immortal, Pylon  
  41  5:23  Warp Prism (Chrono Boost)  
  38  5:52  Immortal (Chrono Boost)  
  38  5:56  Immortal (Chrono Boost)  
  42  6:13  Adept  
  46  6:47  Pylon  
  46  6:49  Pylon  
Tags
 
Add a new tag
Caveats
  • Supply blocks, unpowered buildings, or Contaminate may cause inaccurate times.
  • Supply counts are checked every 10 seconds.